 Dungeon Crawl Stone Soup version 0.30-a0-394-g3e4acdb0ae (webtiles) character file.

Game seed: 15837822000881555268

6040 funkygono the Thaumaturge (level 10, -1/70 HPs)
             Began as a Demonspawn Fire Elementalist on Dec 5, 2022.
             Was a Believer of Vehumet.
             Slain by a wyvern (14 damage)
             ... on level 10 of the Dungeon on Dec 6, 2022.
             The game lasted 00:16:20 (10189 turns).

funkygono the Thaumaturge (DsFE)                   Turns: 10189, Time: 00:16:20

Health: -1/70      AC:  5    Str:  8    XL:     10   Next: 56%
Magic:  10/22      EV: 16    Int: 22    God:    Vehumet [**....]
Gold:   464        SH:  0    Dex: 13    Spells: 10/26 levels left

rFire   . . .      SeeInvis .    j - +6 flail (drain)
rCold   . . .      Faith    .    (no shield)
rNeg    . . .      Spirit   .    a - +0 robe
rPois   .          Reflect  .    (helmet restricted)
rElec   .          Harm     .    (no cloak)
rCorr   .          Rampage  .    m - +2 pair of gloves
Will    .....                    (no boots)
Stlth   ++........               (no amulet)
HPRegen 0.31/turn                g - ring of wizardry
MPRegen 0.18/turn                o - +4 ring of evasion

@: no status effects
A: hooves 2, horns 1, ignite blood 1, demonic magic 1, demonic touch 1
a: Renounce Religion


You were on level 10 of the Dungeon.
You worshipped Vehumet.
Vehumet was pleased with you.
You visited 2 branches of the dungeon, and saw 11 of its levels.

You collected 464 gold pieces.

Inventory:

Hand Weapons
 j - a +6 flail of draining (weapon)
 l - a +0 whip
 G - a +1 whip of freezing
Armour
 a - a +0 robe (worn)
 m - a +2 pair of gloves (worn)
Magical Staves
 r - a staff of earth
Jewellery
 g - a ring of wizardry (left hand)
 o - a +4 ring of evasion (right hand)
 p - an amulet of faith
 t - a +6 ring of dexterity
 w - a ring of ice
 B - a ring of willpower
Wands
 v - a wand of roots (9)
 x - a wand of quicksilver (13)
 y - a wand of flame (27)
 D - a wand of paralysis (23)
Scrolls
 f - 3 scrolls of poison
 i - 2 scrolls of fear
 n - 3 scrolls of teleportation
 s - 2 scrolls of enchant armour
 C - a scroll of blinking
Potions
 b - a potion of magic
 c - 5 potions of attraction
 d - 2 potions of cancellation
 e - 5 potions of curing
 h - 2 potions of might
 k - 3 potions of haste
 q - 2 potions of heal wounds
 u - a potion of lignification
 z - a potion of berserk rage
 A - 2 potions of flight


   Skills:
 + Level 3.0 Fighting
 + Level 3.5 Maces & Flails
 + Level 3.0 Dodging
 - Level 1.7 Stealth
 + Level 8.7 Spellcasting
 + Level 7.2 Conjurations
 + Level 0.2 Translocations
 + Level 8.1 Fire Magic
 + Level 0.1 Air Magic
 + Level 3.0 Earth Magic


You had 10 spell levels left.
You knew the following spells:

 Your Spells              Type           Power      Damage    Failure   Level
a - Foxfire               Conj/Fire      100%       2x1d9     1%          1
b - Scorch                Fire           90%        2d10      1%          2
c - Kindle Blastsparks    Fire/Tloc/Air  44%        2d13      2%          3
d - Flame Wave            Conj/Fire      43%        2d11      1%          4
e - Searing Ray           Conj           82%        2d7       1%          2
f - Stone Arrow           Conj/Erth      64%        3d11      1%          3
g - Sandblast             Erth           46%        2d11      1%          1

Your spell library contained the following spells:

 Spells                   Type           Power      Damage    Failure   Level
 Magic Dart               Conj           100%       1d8       1%          1
 Momentum Strike          Conj/Tloc      52%        3d9       1%          2
 Inner Flame              Hex/Fire       27%        N/A       1%          3
 Apportation              Tloc           20%        N/A       2%          1
 Beastly Appendage        Tmut           18%        N/A       2%          1
 Necrotise                Necr           36%        1d5       2%          1
 Summon Small Mammal      Summ           36%        N/A       2%          1
 Ignite Poison            Fire/Tmut/Pois 21%        N/A       2%          3
 Mephitic Cloud           Conj/Pois/Air  20%        N/A       3%          3
 Call Imp                 Summ           9%         N/A       4%          2
 Sublimation of Blood     Necr           9%         N/A       4%          2
 Wereblood                Tmut           9%         N/A       4%          2
 Spider Form              Tmut/Pois      9%         N/A       9%          3
 Summon Cactus Giant      Summ           4%         N/A       98%         6
 Summon Hydra             Summ           4%         N/A       100%        7


Dungeon Overview and Level Annotations

Branches:
Dungeon (10/15)            Temple (1/1) D:7
   Lair: D:8-11         Orc: D:9-12

Altars:
Cheibriados
Dithmenos
Fedhas
Gozag
Hepliaklqana
Kikubaaqudgha
Makhleb
Nemelex Xobeh
Okawaru
Qazlal
Ru
Sif Muna
Trog
Uskayaw
Vehumet
Wu Jian
Xom
Yredelemnul

Shops:
D:5 *   D:9 [*   D:10 =

Annotations:
D:3 1 runed translucent door, exclusion: oklob plant, gabibbone's ghost, amateur TrFi


Innate Abilities, Weirdness & Mutations

You have hoof-like feet.
You have a pair of small horns on your head.
Your demonic aura sometimes causes spilled blood to erupt in flames.
Spells you cast may paralyse adjacent enemies.
Your touch may inflict minor irresistible damage on your foes.


Message History

The flame wave engulfs the yak.
The yak is almost dead.
The flame wave engulfs the yak!
The yak is heavily wounded.
You finish channelling waves of flame.
You hear a bellow!
You hear a shout!
The yak gores you! The yak gores you. x2
An orc warrior comes into view. It is wielding a +0 long sword.
An orc comes into view. It is wielding a +0 dagger.
Your Conjurations skill increases to level 7!
Casting: Flame Wave (dangerous; 1% risk of failure)
Confirm with . or Enter, or press ? or * to list all spells.
Casting: Flame Wave (dangerous; 1% risk of failure)
Press: ? - help, Dir - look around, f - activate A wave of flame ripples out!
The flame wave engulfs the yak!
The yak is heavily wounded.
The flame wave engulfs the yak!
You kill the yak!
Vehumet accepts your kill.
The flame wave engulfs the yak!
The yak is severely wounded. (Press . to intensify the flame waves.) Malevolent energies surge around you.
The yak suddenly stops moving!
You hear a shout!
The yak gores you!
A wave of flame ripples out!
The flame wave engulfs the wyvern!
The wyvern is moderately wounded.
The flame wave engulfs the yak.
The yak is heavily wounded.
The flame wave engulfs the yak!
You kill the yak!
Vehumet accepts your kill.
The flame wave engulfs the orc!
You kill the orc!
Vehumet accepts your kill. The wyvern closely misses you. The yak gores you!
* * * LOW HITPOINT WARNING * * *
The wyvern hisses menacingly.
The wyvern bites you!
You die...

####.............#
###..##.........#
###..##.........#
##............#
#........)...#
##......(.....#
#.............#
...............#
........@°.........
.......lY†......$..
.......).##........
.........##........
..o...........##...
.......g......# ..
.......oo.. ..
............


You could see a yak, an orc warrior, a wyvern, 2 orcs and a goblin.

Vanquished Creatures
  Pikel (D:8)
  Maggie (D:8)
  2 hornets (D:9)
  Sigmund (D:5)
  A wyvern (D:9)
  8 yaks
  Grum (D:8)
  Menkaure (D:4)
  2 water moccasins
  A sky beast (D:8)
  Pargi (D:4)
  2 black bears (D:5)
  4 orc warriors
  2 ice beasts
  An ogre (D:5)
  3 wolves (D:8)
  2 lemures (D:8)
  2 kobold brigands (D:8)
  2 bullfrogs
  A gnoll sergeant (D:8)
  2 scorpions (D:4)
  11 killer bees (D:9)
  A howler monkey (D:3)
  4 hounds
  A gnoll bouda (D:4)
  5 orc priests
  6 iguanas
  5 orc wizards
  10 gnolls
  11 adders
  A shadow imp (D:7)
  A white imp (D:7)
  An ufetubus (D:6)
  2 worms
  33 orcs
  4 bats
  10 endoplasms
  4 giant cockroaches
  9 goblins
  8 hobgoblins
  4 jackals
  19 kobolds
  A quokka (D:5)
  4 ball pythons
  6 frilled lizards
  6 rats
208 creatures vanquished.

Vanquished Creatures (collateral kills)
  A foxfire (D:7)
1 creature vanquished.

Vanquished Creatures (others)
  537 foxfires
537 creatures vanquished.

Grand Total: 746 creatures vanquished

Notes
Turn   | Place    | Note
-------+----------+-------------------------------------------
     0 | D:1      | funkygono the Demonspawn Fire Elementalist began the quest
                  | for the Orb.
     0 | D:1      | Reached XP level 1. HP: 13/13 MP: 3/3
   402 | D:1      | Discovered your monstrous ancestry.
   402 | D:1      | Gained mutation: You have large cloven feet. [demonic
                  | ancestry]
   402 | D:1      | Reached XP level 2. HP: 19/19 MP: 3/5
   450 | D:1      | Learned a level 2 spell: Scorch
  1072 | D:2      | Gained mutation: You have hoof-like feet. [demonic
                  | ancestry]
  1072 | D:2      | Reached XP level 3. HP: 15/24 MP: 2/6
  1938 | D:3      | Found a blossoming altar of Fedhas.
  1953 | D:3      | Noticed an oklob plant
  2065 | D:3      | Found a basalt altar of Yredelemnul.
  2100 | D:3      | Reached XP level 4. HP: 28/30 MP: 2/7
  2203 | D:3      | Found a snail-covered altar of Cheibriados.
  2332 | D:3      | Noticed gabibbone's ghost (amateur TrFi)
  2357 | D:3      | Found a runed translucent door.
  2521 | D:3      | Reached XP level 5. HP: 35/35 MP: 7/9
  2525 | D:3      | Learned a level 3 spell: Kindle Blastsparks
  2530 | D:3      | Learned a level 4 spell: Flame Wave
  3205 | D:3      | Identified a scroll of acquirement
  3205 | D:3      | Acquired the Textbook on Hot Concussion
  3492 | D:4      | Noticed Pargi
  3502 | D:4      | Killed Pargi
  3503 | D:4      | Reached skill level 1 in Maces & Flails
  3503 | D:4      | Gained mutation: Spells you cast may paralyse adjacent
                  | enemies. [demonic ancestry]
  3503 | D:4      | Reached XP level 6. HP: 42/42 MP: 3/11
  4443 | D:4      | Noticed Menkaure
  4446 | D:4      | Killed Menkaure
  4447 | D:4      | Reached skill level 5 in Fire Magic
  4447 | D:4      | Reached XP level 7. HP: 47/47 MP: 9/14
  4589 | D:4      | Learned a level 2 spell: Searing Ray
  4593 | D:4      | Learned a level 3 spell: Stone Arrow
  4603 | D:5      | Entered Level 5 of the Dungeon
  4603 | D:5      | Found Becej's Gadget Gallery.
  4760 | D:5      | Reached skill level 1 in Earth Magic
  4839 | D:5      | Reached skill level 5 in Spellcasting
  4922 | D:5      | Reached skill level 1 in Fighting
  5128 | D:5      | Gained mutation: You have a pair of small horns on your
                  | head. [demonic ancestry]
  5128 | D:5      | Reached XP level 8. HP: 46/56 MP: 5/15
  5563 | D:5      | Noticed Sigmund
  5576 | D:5      | Killed Sigmund
  6469 | D:6      | Reached skill level 5 in Conjurations
  7072 | D:6      | Found a stormy altar of Qazlal.
  7159 | D:7      | Found a staircase to the Ecumenical Temple.
  7167 | Temple   | Entered the Ecumenical Temple
  7240 | Temple   | Became a worshipper of Vehumet
  7412 | D:7      | Gained mutation: Your touch may inflict minor irresistible
                  | damage on your foes. [demonic ancestry]
  7412 | D:7      | Reached XP level 9. HP: 61/61 MP: 14/19
  7468 | D:7      | Found an opulent altar of Gozag.
  7994 | D:8      | Reached * piety under Vehumet
  7994 | D:8      | Offered knowledge of Shock by Vehumet.
  8006 | D:8      | Paralysed by a kobold for 4 turns
  8008 | D:8      | Noticed Maggie
  8032 | D:8      | Killed Maggie
  8406 | D:8      | Noticed Pikel
  8419 | D:8      | Killed Pikel
  8687 | D:8      | Noticed Grum
  8696 | D:8      | Killed Grum
  9048 | D:9      | Found Borilu Kank's Armour Shoppe.
  9057 | D:9      | Gained mutation: Your demonic aura sometimes causes spilled
                  | blood to erupt in flames. [demonic ancestry]
  9057 | D:9      | Reached XP level 10. HP: 69/69 MP: 17/22
  9086 | D:9      | Upgraded the game from 0.30-a0-393-g54b8e3be05 to
                  | 0.30-a0-394-g3e4acdb0ae
  9321 | D:9      | Found Icsen's Hallowed Reliquary.
  9321 | D:9      | Noticed an angel
  9464 | D:9      | Offered knowledge of Sandblast by Vehumet.
  9499 | D:9      | Reached ** piety under Vehumet
 10088 | D:9      | Learned a level 1 spell: Sandblast
 10095 | D:10     | Entered Level 10 of the Dungeon
 10095 | D:10     | Found Rulehi's Jewellery Shop.
 10189 | D:10     | Slain by a wyvern

Illustrated notes

Levels and vault maps discovered:
D:1:      arrival_zaba_pyramid, layout_basic, minmay_misc_feat_room
D:2:      layout_rooms
D:3:      layout_basic, cheibriados_altar_1, tgw_fedhas, old_standard_altar,
          hellmonk_ghost_happy_afterlife
D:4:      layout_cave_pods, minmay_ruptured, uniq_menkaure, uniq_pargi
D:5:      layout_basic, nicolae_shop_gadgets, uniq_sigmund
D:6:      layout_basic, nicolae_qazlal_eye_of_the_storm
D:7:      layout_rooms, nicolae_gozag_seed_capital, minmay_temple_entry_arrows,
          hex_medium, serial_bayou_pond_b
D:8:      layout_rooms, enter_bailey_7, uniq_maggie, uniq_pikel, uniq_grum
D:9:      layout_loops_ring, serial_shops, nicolae_shop_advertising_works
          [nicolae_subvault_shop_adworks], hangedman_decor_riveting,
          hangedman_abyss_or_decor_passed, serial_park_tiny_2, nicolae_good_shop
D:10:     layout_long_grid, mainiacjoe_overflow_concentric_impassable,
          mainiacjoe_overflow_cross_hatched, lair_entry_dummy, erik_orc_4,
          serial_shops, nicolae_lakefront_shop, nicolae_take_the_stairs,
          nicolae_square_shop, uniq_erica
Temple:   regret_index_temple_generic_petals

Skill      XL: |  1  2  3  4  5  6  7  8  9 10 |
---------------+-------------------------------+-----
Fire Magic     | 3 4 5 6 7 8 |  8.1
Dodging        | 2 3 |  3.0
Spellcasting   | 3 4 5 6 8 |  8.7
Conjurations   | 2 4 5 6 7 |  7.2
Maces & Flails | 1 2 3 |  3.5
Earth Magic    | 1 2 3 |  3.0
Fighting       | 2 3 |  3.0
Stealth        | |  1.7
Translocations | |  0.2
Air Magic      | |  0.1

Action                   |  1- 3 |  4- 6 |  7- 9 | 10-12 || total
-------------------------+-------+-------+-------+-------++-------
Melee: Short sword       |     2 |       |       |       ||     2
       Flail             |     1 |    15 |    52 |     4 ||    72
       Kick              |       |     4 |     5 |     1 ||    10
       Punch             |       |     1 |       |       ||     1
       Headbutt          |       |       |     9 |     2 ||    11
       Touch             |       |       |     3 |     2 ||     5
 Cast: Foxfire           |    81 |    80 |   121 |    27 ||   309
       Scorch            |     6 |    10 |    17 |    11 ||    44
       Stone Arrow       |       |       |    33 |     3 ||    36
       Kindle Blastspark |       |       |     1 |       ||     1
       Flame Wave        |       |       |    10 |     5 ||    15
  Use: Scroll            |       |    13 |    11 |     1 ||    25
       Potion            |       |       |     1 |       ||     1
 Stab: Paralysed         |       |     2 |     2 |       ||     4
Armor: Robe              |     2 |     6 |    14 |     3 ||    25
Dodge: Dodged            |     6 |    19 |    56 |    18 ||    99

Table legend: (Time is in decaauts)
 A = Elapsed time spent in this place.
 B = Non-inter-level travel time spent in this place.
 C = Inter-level travel time spent in this place.
 D = Time resting spent in this place.
 E = Time spent auto-exploring this place.
 F = Levels seen in this place.
 G = Mean time per level.
                   A        B        C        D        E       F      G
               +--------+--------+--------+--------+--------+-----+--------+
         Total |  10213 |   9974 |    239 |    151 |   8546 |  11 |  928.5 |
       Dungeon |   9979 |   9779 |    200 |    151 |   8371 |  10 |  997.9 |
        Temple |    233 |    195 |     38 |      0 |    175 |   1 |  233.0 |
               +--------+--------+--------+--------+--------+-----+--------+

Top non-repeatable levels by time:
     D:3: 1595 daAuts
     D:5: 1317 daAuts
     D:6: 1242 daAuts
     D:4: 1235 daAuts
     D:9: 1048 daAuts
     D:1: 1044 daAuts
     D:8: 990 daAuts
     D:2: 737 daAuts
     D:7: 674 daAuts
  Temple: 233 daAuts
    D:10: 93 daAuts
